 Dungeon Crawl Stone Soup version 0.31-a0-152-g6aa68a64a1 (webtiles) character file.

Game seed: 15754467052234578906

159 comborobin the Shooter (level 5, -1/31 HPs)
             Began as a Deep Elf Delver on June 10, 2023.
             Slain by a water moccasin (3 damage)
             ... on level 6 of the Dungeon.
             The game lasted 00:02:04 (532 turns).

comborobin the Shooter (Deep Elf Delver)             Turns: 532, Time: 00:02:05

Health: -1/31      AC: -1    Str:  9    XL:     5   Next: 17%
Magic:  7/7        EV: 12    Int: 15    God:
Gold:   5          SH:  0    Dex: 18    Spells: 4/4 levels left

rFire   . . .        a - +0 short sword
rCold   . . .        (no shield)
rNeg    . . .        b - +0 leather armour
rPois   .            (no helmet)
rElec   .            (no cloak)
rCorr   .            (no gloves)
SInv    .            (no boots)
Will    .....        (no amulet)
Stlth   +++          (no ring)
HPRegen 0.25/turn    (no ring)
MPRegen 0.10/turn

%: no passive effects
@: lethally poisoned (-1 -> -10), marked, corroded, invisible
A: no striking features
a: no special abilities


You were on level 6 of the Dungeon.
You visited 1 branch of the dungeon, and saw 4 of its levels.

You collected 5 gold pieces.

Inventory:

Hand Weapons
 a - a +0 short sword (weapon)
Armour
 b - a +0 leather armour (worn)
 f - the +9 plate armour "Daorao" {rF- Int+2 Dex+3 Stlth+}
   (You found it on level 8 of the Dungeon)

   Int:       It affects your intelligence (+2).
   Dex:       It affects your dexterity (+3).
   rF:        It makes you vulnerable to fire.
   Stlth:     It makes you more stealthy.
Scrolls
 c - a scroll of noise {unknown}


   Skills:
 - Level 2.4 Fighting
 - Level 2.0 Short Blades
 + Level 6.5 Ranged Weapons
 - Level 2.4 Dodging
 - Level 6.0 Stealth


You had 4 spell levels left.
You didn't know any spells.
Your spell library was empty.

Dungeon Overview and Level Annotations

Branches:
Dungeon (8/15)
 Temple: D:4-7         Lair: D:8-11

Altars:

Annotations:
D:5 Pikel
D:7 Menkaure


Message History

Unknown command.
Found a scroll labelled ZOBUUKKU EHUWN.
You aren't carrying any items that you can evoke.
Unknown command.
Found 8 gold pieces.
A sourceless malevolence fills the Dungeon...
With a horrendous wail, an alarm goes off!
A sentinel's mark forms upon you.
You hear a bellow! x2; You hear an angry hiss.
You hear a bellow!
You hear a shout!
Something shouts, "Run away, thou ducking rump-fed death-token!"
You hear a shout! x2
An ogre comes into view. It is wielding a +0 giant club.
Found an escape hatch in the floor.
Okay, then.
You don't know any spells.
It was a potion of invisibility.
You fade into invisibility!
A yak comes into view.
You hit the ogre but do no damage. The ogre barely misses you.
You hit the ogre.
The ogre is lightly wounded.
A yak comes into view. x2
The jelly hits you.
You are splashed with acid!
The ogre closely misses you.
A yak comes into view.
The jelly closely misses you. The jelly attacks as you move away!
The jelly hits you. The acid corrodes you!
You are splashed with acid.
The water moccasin bites you.
* * * LOW HITPOINT WARNING * * *
You are lethally poisoned!
The water moccasin poisons you!
* * * LOW HITPOINT WARNING * * *
You feel very sick.
You see here a scroll labelled ZOBUUKKU EHUWN.
c - a scroll labelled ZOBUUKKU EHUWN
* * * LOW HITPOINT WARNING * * *
You feel very sick. The water moccasin bites you.
You die...

##......** * *.......,* ***
**.....#** *<** ###....# ,,,*
#....#.## ,,,* #....#..##
,,** ##.......##*###**
,,####........J##..#.#
,,#......YY.Y.OS@.$..#**
,>....Y#......######...#
*#.#...#....###.#**,,,*#
*#*##.*#...###.# *,,,**
*,##..##....#.###**,,* ***
,,...!....<#.#..J....#**,**
,,.....#....(#........,,,,*
,,.......#............,,,,***
,,....###.#.........#**,,,,,*


You could see 3 yaks, a water moccasin (unable to see you), an ogre (unable to
see you) and a jelly.

Vanquished Creatures
  An ogre (D:6)
  A howler monkey (D:8)
  An orc priest (D:7)
  An orc (D:8)
4 creatures vanquished.

Notes
Turn   | Place    | Note
-------+----------+-------------------------------------------
     0 | D:5      | comborobin the Deep Elf Delver began the quest for the Orb.
     0 | D:5      | Reached XP level 1. HP: 13/13 MP: 3/3
    18 | D:6      | Noticed an ogre
    25 | D:6      | Killed an ogre
    26 | D:6      | Reached skill level 5 in Ranged Weapons
    26 | D:6      | Reached XP level 2. HP: 18/18 MP: 4/4
    26 | D:6      | Reached XP level 3. HP: 22/22 MP: 5/5
    26 | D:6      | Reached XP level 4. HP: 27/27 MP: 6/6
    60 | D:8      | Identified the +9 plate armour "Daorao" {rF- Int+2 Dex+3
                  | Stlth+}
   102 | D:8      | Noticed a wyvern
   112 | D:7      | Reached XP level 5. HP: 6/31 MP: 7/7
   303 | D:7      | Noticed Menkaure
   384 | D:7      | Noticed a sky beast
   390 | D:6      | Noticed a water moccasin
   460 | D:5      | Noticed Pikel
   460 | D:5      | Noticed a lemure
   460 | D:5      | Noticed a lemure
   460 | D:5      | Noticed a lemure
   460 | D:5      | Noticed a lemure
   518 | D:6      | Noticed an ogre
   521 | D:6      | Noticed a yak
   523 | D:6      | Noticed a yak
   523 | D:6      | Noticed a yak
   524 | D:6      | Noticed a yak
   532 | D:6      | Slain by a water moccasin

Illustrated notes

Levels and vault maps discovered:
D:5:      layout_basic, mainiacjoe_overflow_alcove_4, uniq_pikel
D:6:      layout_cave_pools
D:7:      layout_basic, vehumet_altar_wand_db, uniq_crazy_yiuf_cottage,
          uniq_menkaure
D:8:      layout_basic

Skill      XL: |  1  2  3  4 |
---------------+-------------+-----
Ranged Weapons | 5 6 |  6.5
Fighting       | |  2.4
Short Blades   | |  2.0
Dodging        | |  2.4
Stealth        | |  6.0

Action                     |  1- 3 |  4- 6 || total
---------------------------+-------+-------++-------
  Melee: Short sword       |     3 |    18 ||    21
  Evoke: Wand              |       |     3 ||     3
    Use: Potion            |     2 |     1 ||     3
         Scroll            |       |     3 ||     3
   Stab: Sleeping          |     1 |       ||     1
 Armour: Leather armour    |       |     1 ||     1
  Dodge: Dodged            |     1 |     7 ||     8

Table legend: (Time is in decaauts)
 A = Elapsed time spent in this place.
 B = Non-inter-level travel time spent in this place.
 C = Inter-level travel time spent in this place.
 D = Time resting spent in this place.
 E = Time spent auto-exploring this place.
 F = Levels seen in this place.
 G = Mean time per level.
                   A        B        C        D        E       F      G
               +--------+--------+--------+--------+--------+-----+--------+
         Total |    509 |    509 |      0 |    100 |     92 |   4 |  127.2 |
       Dungeon |    509 |    509 |      0 |    100 |     92 |   4 |  127.2 |
               +--------+--------+--------+--------+--------+-----+--------+

Top non-repeatable levels by time:
     D:7: 289 daAuts
     D:5: 112 daAuts
     D:6: 63 daAuts
     D:8: 43 daAuts
